AoeStats
← disgruntledDutch

Arabia

509770853Analyzed
3v3 RM · 4d ago on Sep 28, 2026· 33m 14s· 6 players
Game mode
Random Map
Map size
Normal (6 player)
Population
200
Speed
Normal
Resources
Standard
Victory
Conquest
Starting age
Dark Age
Ending age
Imperial Age
RankedLock teamsTeams togetherTeam positionsShared explorationLock speedFull tech treeHidden civsTurbo modeCheats
Victory
Defeat
🇺🇸 Hindustanis · United States
1102
+15
🇵🇪 Mongols · Peru
1051
+17
🇲🇽 Varangians · Mexico
931
+21
🇺🇸 Hindustanis · United States
1074
-18
🇺🇸 Slavs · United States
1070
-18
🇺🇸 Persians · United States
1045
-17
KING SHADOW
5:06 Loom
10:19 Feudal Age
11:07 Double-Bit Axe
18:16 Bloodlines
18:52 Gold Mining
21:20 Castle Age
20:23 Scale Barding Armor
20:28 Forging
21:27 Fletching
24:27 Wheelbarrow
26:24 Bodkin Arrow
27:48 Bow Saw
31:18 Gold Shaft Mining
31:39 Chain Barding Armor
MOROCHO
7:45 Loom
9:43 Feudal Age
11:10 Double-Bit Axe
15:38 Wheelbarrow
20:24 Castle Age
20:04 Gold Mining
20:04 Stone Mining
20:21 Scale Barding Armor
20:27 Forging
20:30 Bloodlines
21:08 Husbandry
nofear090689
6:08 Loom
8:25 Feudal Age
10:03 Man-at-Arms
16:31 Arson
16:54 Double-Bit Axe
22:37 Castle Age
21:11 Forging
21:15 Scale Mail Armor
22:42 Long Swordsman
24:31 Scale Barding Armor
31:26 Horse Collar
32:07 Chain Barding Armor
32:45 Husbandry
32:55 Heavy Plow
Velt2216
11:39 Feudal Age
10:08 Loom
12:55 Double-Bit Axe
16:24 Castle Age
17:06 Forging
20:32 Crossbowman
21:05 Fletching
32:57 Iron Casting
32:25 Scale Mail Armor
32:02 Pikeman
AmateurHour
10:29 Feudal Age
11:54 Double-Bit Axe
12:15 Loom
23:37 Stone Mining
27:34 Castle Age
29:51 Scale Mail Armor
30:28 Bow Saw
31:34 Wheelbarrow
31:02 Pikeman
disgruntledDutch
10:45 Feudal Age
9:01 Loom
12:04 Double-Bit Axe
17:02 Forging
19:08 Gold Mining
19:02 Horse Collar
22:19 Castle Age
23:21 Thumb Ring
22:37 Crossbowman
23:57 Bow Saw
24:27 Fletching
24:38 Padded Archer Armor
26:00 Bodkin Arrow
26:20 Leather Archer Armor
26:16 Stone Mining
27:24 Gold Shaft Mining
27:56 Stone Shaft Mining
28:00 Wheelbarrow
27:29 Heavy Plow
27:54 Ballistics
27:47 Pikeman
28:28 Squires
28:33 Town Watch
30:06 Bloodlines
32:26 Hand Cart
32:39 Light Cavalry
Connection lost

Rejoining the realm…

Still unreachable

The connection could not be restored.

Session expired

The server has moved on; the page needs a fresh start.